Cogmind - Beta 16 @@@ ROGUE MODE // 2025.12.10 @ 15:43:19 Player: omewwes Result: Destroyed by B-99 Colossus with Multirail Performance ------------- Evolutions (9) 4500 Regions Visited (18) 3600 Robots Destroyed (132) 660 Value Destroyed (6468) 6468 Prototype IDs (106) 2120 Alien Tech Used (5) 1000 Bonus (9749) 9749 TOTAL SCORE: 28097 Bonus ------- Follower Combat Kills 1149 Forged Quantum Companion 1000 Registered with UFD 300 Met Optimus in HQ 500 Met Zhirov 300 Met Warlord at Base 500 MAIN.C Attacked Warlord 500 Used Core Reset Matrix 3000 Scanned by Researcher 500 Acquired SGEMP 2000 Cogmind --------- Core Integrity 0/1600 Matter 231/300 Energy 79/100 System Corruption 4% Temperature Cool (0) Movement Core (50) Location -1/Access Parts ------- > --- POWER (2) -------- (None) > --- PROPULSION (6) --- (None) > --- UTILITY (15) ----- Advanced Terrain Scan Processor Advanced Melee Analysis Suite Advanced Target Analyzer A0-MCA's Component Scanner > --- WEAPON (2) ------- (None) > --- INVENTORY (5) ---- Advanced Force Field Dimensional Node Initializer Vortex Shotgun (50) Peak State ------------ > --- POWER ------------ Quantum Reactor Quantum Reactor > --- PROPULSION ------- Biometal Leg Improved Thunder Leg Centrium Leg Heavy Shield Leg High-density Centrium Leg > --- UTILITY ---------- Large Storage Unit Experimental Energy Well Long-range Sensor Array Experimental Signal Interpreter Advanced Terrain Scan Processor Advanced Melee Analysis Suite Nanoactuators Centrium Heavy Armor Plating AEGIS Remote Shield Phase Redirector Advanced Hacking Suite A0-MCA's Component Scanner Advanced Dynamic Insulation System Amulet of Y3-NDR > --- WEAPON ----------- Companion Sword Enhanced Force Lance > --- INVENTORY -------- Quantum Reactor Quantum Reactor Long-range Sensor Array Advanced Terrain Scanner Improved Point Defense System Advanced Point Defense System Dimensional Node Initializer Subatomic Replicator Vortex Rifle Vortex Rifle Vortex Shotgun Enhanced Nova Cannon Z-bomb Delivery System [Rating: 211] Favorites ----------- Power Quantum Reactor Engine Ion Engine Power Core Fission Core Reactor Quantum Reactor Propulsion Armored Leg Treads Heavy Treads Leg Armored Leg Wheel Wheel Hover Unit Improved Gyrokinetic Inverter Utility A0-MCA's Component Scanner Device Advanced Terrain Scanner Storage Large Storage Unit Processor A0-MCA's Component Scanner Hackware Advanced Hacking Suite Protection Centrium Heavy Armor Plating Artifact Phase Redirector Weapon Companion Sword Energy Gun Vortex Rifle Energy Cannon Beam Cannon Ballistic Gun Subdweller Machine Gun Launcher Z-bomb Delivery System Special Weapon Improved Remote Datajack Impact Weapon Thunder Hammer Slashing Weapon Companion Sword Piercing Weapon Lance Special Melee Weapon Datajack Build | -11 -10 -10 -7 -5 -5 -5 -5 -4 -4 -4 -4 -4 -3 -3 -3 -2 -2 -1 ------- Run | Yrd Mat Sub Scr Fac Upp Upp War Pro Fac Upp Upp Zhi Pro Res Tes Res Qua Acc Slots Evolved 18 | . . . . 10 . . . . 2 . . . . 2 . 2 . 2 Power 1 | . . . . 1 . . . . . . . . . . . . . . Propulsion 4 | . . . . 3 . . . . . . . . . . . 1 . . Utility 13 | . . . . 6 . . . . 2 . . . . 2 . 1 . 2 Weapon . | . . . . . . . . . . . . . . . . . . . Parts Attached 133 | 6 10 7 2 23 1 2 8 . 10 1 . 1 . 8 31 9 7 7 Power 20 | 1 2 . . 3 . . 1 . . . . . . 2 7 2 . 2 Engine 3 | 1 2 . . . . . . . . . . . . . . . . . Core 3 | . . . . 3 . . . . . . . . . . . . . . Reactor 14 | . . . . . . . 1 . . . . . . 2 7 2 . 2 Propulsion 36 | 2 4 . . 4 . 1 3 . 1 1 . . . 1 9 5 2 3 Treads 1 | . . . . . . . . . . . . . . . 1 . . . Leg 31 | 2 4 . . 4 . 1 3 . 1 1 . . . 1 7 2 2 3 Wheel 2 | . . . . . . . . . . . . . . . . 2 . . Hover 2 | . . . . . . . . . . . . . . . 1 1 . . Flight . | . . . . . . . . . . . . . . . . . . . Utility 53 | 1 1 1 . 13 1 1 2 . 9 . . 1 . 5 11 1 4 2 Device 24 | . 1 1 . 5 . 1 1 . 4 . . 1 . 2 7 . . 1 Storage 4 | 1 . . . 1 . . . . . . . . . . 1 1 . . Processor 9 | . . . . 3 . . . . 3 . . . . 1 . . 1 1 Hackware 6 | . . . . 1 . . . . 2 . . . . 2 . . 1 . Protection 9 | . . . . 3 1 . 1 . . . . . . . 3 . 1 . Artifact 1 | . . . . . . . . . . . . . . . . . 1 . Weapon 24 | 2 3 6 2 3 . . 2 . . . . . . . 4 1 1 . Energy Gun 3 | 1 . . . . . . 1 . . . . . . . . . 1 . Energy Cannon 4 | . 2 2 . . . . . . . . . . . . . . . . Ballistic Gun 4 | 1 . 2 1 . . . . . . . . . . . . . . . Ballistic Cannon . | . . . . . . . . . . . . . . . . . . . Launcher 2 | . 1 . . . . . . . . . . . . . 1 . . . Special Weapon 1 | . . . . 1 . . . . . . . . . . . . . . Impact Weapon 2 | . . 1 . 1 . . . . . . . . . . . . . . Slashing Weapon 2 | . . . 1 . . . 1 . . . . . . . . . . . Piercing Weapon 5 | . . . . 1 . . . . . . . . . . 3 1 . . Special Melee Weapon 1 | . . 1 . . . . . . . . . . . . . . . . Unidentified Prototypes 4 | . . 1 1 . . . . . . . . 1 . . . . 1 . Corrupted Parts 1 | . . . . . . 1 . . . . . . . . . . . . System Corruption 6 | . . . . . . 6 . . . . . . . . . . . . Parts Lost 47 | . 1 . . 1 . 1 . . 1 . . . . 3 15 . . 25 Power 8 | . 1 . . 1 . . . . . . . . . 1 1 . . 4 Propulsion 18 | . . . . . . . . . . . . . . . 10 . . 8 Utility 17 | . . . . . . 1 . . . . . . . 2 3 . . 11 Weapon 4 | . . . . . . . . . 1 . . . . . 1 . . 2 Highest Loss Streak 19 | . 1 . . 1 . 1 . . 1 . . . . 3 5 . . 19 To Critical Strikes 2 | . . . . . . . . . . . . . . . 1 . . 1 Average Backups 11 | . 7 8 8 8 13 13 14 15 14 13 14 14 15 13 11 11 12 12 Power 1 | . . 1 1 1 2 2 1 . . . . . 1 1 . 2 2 1 Propulsion . | . 1 . . . 1 1 1 2 2 2 2 2 2 1 . . . . Utility 5 | . 1 2 2 3 8 8 7 9 8 7 8 8 7 5 5 4 4 3 Weapon 3 | . 1 2 4 2 1 1 3 4 4 4 4 4 4 4 4 4 4 4 Tool/Special . | . . . . . . . . . . . . . . . . . . . Unused Backups 34 | . 4 2 2 1 1 1 5 . . . 1 1 . 1 4 1 1 9 Power 5 | . . . . 1 1 . 2 . . . . . . 1 . . . . Propulsion 4 | . 3 . . . . . . . . . 1 . . . . . . . Utility 18 | . 1 2 . . . 1 3 . . . . 1 . . 3 . 1 6 Weapon 6 | . . . 2 . . . . . . . . . . . 1 1 . 2 Tool/Special 1 | . . . . . . . . . . . . . . . . . . 1 Average Slot Usage (%) 93 | . 95 100 86 89 100 100 98 94 94 95 95 94 94 94 88 88 90 90 Engine 3 | . 13 14 14 1 . . . . . . . . . . . . . . Core 1 | . . . . 7 10 10 8 . . . . . . . . . . . Reactor 4 | . . . . . . . . 5 4 5 5 5 5 4 8 8 8 7 Leg 22 | . 28 28 28 27 26 26 26 26 23 25 25 25 26 23 16 9 20 19 Device 14 | . 9 14 1 10 5 9 10 15 9 19 20 22 26 22 20 21 16 21 Storage 8 | . 14 14 14 5 5 5 5 5 4 5 5 5 5 4 6 8 8 7 Processor 12 | . . . . 9 15 15 15 15 19 20 20 20 21 19 17 13 15 16 Hackware 1 | . . . . 4 . . . . 7 . . . . 8 . . 3 4 Protection 4 | . . . . 3 14 10 9 5 4 5 5 3 . . 6 8 5 3 Energy Cannon 2 | . 20 9 . . . . . . . . . . . . . . . . Ballistic Gun 1 | . 3 10 9 . . . . . . . . . . . . . . . Impact Weapon 3 | . . 3 14 6 10 10 6 5 4 5 5 3 . . . . . . Slashing Weapon 4 | . . . 4 5 5 5 8 10 9 10 10 10 10 8 4 4 2 3 Piercing Weapon 2 | . . . . 1 5 5 5 5 3 . . . . . 1 3 3 3 Peak Build Rating 211 | 6 10 15 16 96 94 102 123 123 135 133 134 134 126 150 175 185 198 211 Average Rating 112 | 4 8 11 13 73 94 99 106 123 130 132 133 130 126 141 156 175 191 199 On Entrance 100 | . 6 10 15 16 96 94 102 123 123 128 133 134 126 126 131 168 185 197 Avg Prop Armor Cover (%) 7 | . . . . . . . . . . . . . . . 8 7 1 . Naked Turns . | . . . . . . . . . . . . . . . . . . . Heaviest Build 136 | 12 17 22 18 73 64 63 83 83 86 93 80 80 73 87 112 119 136 134 Greatest Support 178 | 20 20 20 20 78 78 83 98 98 103 103 103 103 103 115 123 140 178 178 Greatest Overweight (x) 11 | . . 1 . . . . . . . . . . . . 2 11 . 9 Average Overweight (x) . | . . . . . . . . . . . . . . . . 2 . . Largest Inventory Capacity 15 | 8 8 8 8 15 15 15 15 15 15 15 15 15 15 15 15 15 15 15 Average Capacity 13 | 6 8 8 8 11 15 15 15 15 15 15 15 15 15 15 15 15 15 14 Most Carried 15 | . 8 8 8 15 15 15 15 15 15 14 15 15 15 15 15 15 15 14 Average Carried 12 | . 7 7 7 9 14 14 14 15 14 13 14 14 15 13 14 14 14 12 Final Capacity 15 | 8 8 8 8 15 15 15 15 15 15 15 15 15 15 15 15 15 15 5 Final Carried 15 | . 8 8 8 15 15 15 15 15 13 14 15 15 15 11 15 15 13 3 Class Distribution -------------------- 28% | Scavenger-Gladiator 25% | Mutant 19% | Gladiator 10% | Hacker-Gladiator 7% | Scavenger-Mutant 3% | Alien-Gladiator Dominant Class ---------------- Mutant | -10/Materials Mutant | -10/Subcaves Mutant | -7/Scraptown Scavenger-Gladiator | -5/Factory Scavenger-Gladiator | -5/Upper Caves Scavenger-Gladiator | -5/Upper Caves Scavenger-Gladiator | -5/Warlord Gladiator | -4/Proximity Caves Hacker-Gladiator | -4/Factory Gladiator | -4/Upper Caves Gladiator | -4/Upper Caves Gladiator | -4/Zhirov Gladiator | -3/Proximity Caves Hacker-Gladiator | -3/Research Scavenger-Gladiator | -3/Testing Scavenger-Gladiator | -2/Research Gladiator | -2/Quarantine Scavenger-Gladiator | -1/Access Resources | -11 -10 -10 -7 -5 -5 -5 -5 -4 -4 -4 -4 -4 -3 -3 -3 -2 -2 -1 ----------- Run | Yrd Mat Sub Scr Fac Upp Upp War Pro Fac Upp Upp Zhi Pro Res Tes Res Qua Acc Matter Collected 3183 | 218 187 167 . 307 20 56 108 . 270 65 7 . . 193 463 305 384 433 Remotely . | . . . . . . . . . . . . . . . . . . . Salvage Created 6993 | . 736 . . 771 72 318 . . 313 215 65 . . 598 1449 166 629 1661 Parts 343 | . 51 . . 34 3 19 . . 22 6 2 . . 21 78 8 36 63 Haulers Intercepted 6 | . 1 . . 1 . . . . . . . . . 2 . . . 2 Recyclers Shooed 2 | . 2 . . . . . . . . . . . . . . . . . Parts Field Recycled . | . . . . . . . . . . . . . . . . . . . Retrieved Matter . | . . . . . . . . . . . . . . . . . . . Parts Self-Destructed 20 | . . 2 . . . 10 . . . 4 4 . . . . . . . Prevented 37 | . . . . . 3 9 . 9 . 6 7 . 3 . . . . . Parts Restored . | . . . . . . . . . . . . . . . . . . . Kills | -11 -10 -10 -7 -5 -5 -5 -5 -4 -4 -4 -4 -4 -3 -3 -3 -2 -2 -1 ------- Run | Yrd Mat Sub Scr Fac Upp Upp War Pro Fac Upp Upp Zhi Pro Res Tes Res Qua Acc Combat Hostiles Destroyed 93 | . 13 . . 4 1 5 . . 9 3 1 . . 6 23 . 11 17 Melee 62 | . . . . 3 . 4 . . 4 3 1 . . 4 18 . 10 15 Guns 3 | . 3 . . . . . . . . . . . . . . . . . Cannons 8 | . 8 . . . . . . . . . . . . . . . . . AOE 17 | . 2 . . . . . . . 5 . . . . 2 5 . 1 2 Classes Destroyed 20 | . 8 . . 3 1 2 . . . . . . . 1 3 . 1 1 Worker 10 | . 1 . . 1 . . . . 1 . . . . 1 3 . 2 1 Builder 4 | . 1 . . 1 . . . . . . . . . . . . . 2 Tunneler 3 | . 1 . . . . . . . . . . . . . . 2 . . Hauler 6 | . 1 . . 1 . . . . . . . . . 2 . . . 2 Recycler 12 | . 2 . . 3 . . . . . . . . . . 3 1 1 2 Operator 2 | . 1 . . 1 . . . . . . . . . . . . . . Watcher 1 | . . . . 1 . . . . . . . . . . . . . . Swarmer 18 | . 3 . . . . . . . 5 . . . . . 6 . 4 . Grunt 31 | . 10 . . . . 3 . . 1 3 . . . 5 . . 3 6 Brawler 1 | . . . . . . . . . . . . . . . 1 . . . Duelist 2 | . . . . . . 1 . . . . . . . . . . 1 . Researcher 1 | . . . . . . . . . . . . . . . . . 1 . Sentry 3 | . . . . . 1 . . . . . . . . . . . . 2 Specialist 1 | . . . . . . . . . . . . . . 1 . . . . Hunter 8 | . . . . 2 . . . . . . 1 . . . 4 . . 1 Programmer 24 | . . . . 2 . . . . 3 . . . . . 9 . 3 7 Q-Series 1 | . . . . . . . . . . . . . . . . . . 1 Behemoth 1 | . . . . . . 1 . . . . . . . . . . . . Striker 2 | . . . . . . . . . . . . . . . 2 . . . Alpha 7 1 | . . . . . . . . . . . . . . . 1 . . . Best Kill Streak 5 | . 4 . . 4 1 4 . . 5 3 1 . . 4 5 1 5 5 Combat Bots Only 5 | . 4 . . 2 1 4 . . 5 3 1 . . 4 3 . 4 4 Max Kills in Single Turn 4 | . 2 . . 1 1 1 . . 3 1 1 . . 2 3 1 1 4 Gunslinging . | . . . . . . . . . . . . . . . . . . . Exploded 3 | . 2 . . . . . . . 3 . . . . 2 2 . 1 2 Melee 1 | . . . . 1 . 1 . . 1 1 1 . . 1 1 . 1 1 Uniques/NPCs Destroyed . | . . . . . . . . . . . . . . . . . . . Combat | -11 -10 -10 -7 -5 -5 -5 -5 -4 -4 -4 -4 -4 -3 -3 -3 -2 -2 -1 -------- Run | Yrd Mat Sub Scr Fac Upp Upp War Pro Fac Upp Upp Zhi Pro Res Tes Res Qua Acc Hostile Shots Fired 1463 | . 40 2 . 31 12 19 . . 65 18 6 . . 134 429 19 209 479 Missed 454 | . 8 . . 10 4 4 . . 14 5 1 . . 64 102 9 95 138 Deflected 3 | . . . . . . . . . . . . . . . . . 3 . Hits 1009 | . 32 2 . 21 8 15 . . 51 13 5 . . 70 327 10 114 341 Melee 22 | . . . . . . 3 . . . . . . . . 13 . 6 . Projectile 987 | . 32 2 . 21 8 12 . . 51 13 5 . . 70 314 10 108 341 AOE 1 | . . . . . . . . . . . . . . . . . . 1 Critical Strikes 50 | . . . . 2 . . . . 2 2 . . . 8 20 1 3 12 Part Disruptions 2 | . . . . . . . . . . . . . . . . . 2 . Actively Blocked 1 | . . . . . . . . . . . . . . . . . 1 . Damage Taken 16632 | . 364 44 . 547 174 355 . 14 586 130 144 . 55 1065 5793 115 1386 5860 Core 2672 | . 80 30 . 7 23 19 . . 69 . 34 . . 64 487 9 248 1602 Absorbed by Shields 6142 | . . . . . . . . 13 444 138 . . . 437 1421 100 1280 2309 Redirected to Core 238 | . . . . . . . . . . . . . . . . . 112 126 Redirected to Shielding 103 | . . . . . 34 69 . . . . . . . . . . . . Regen/Repaired (Parts) 3 | . . . . . . . 3 . . . . . . . . . . . Core Remaining (%) 76 | 100 . . 56 . . . . 95 . . . . 91 . 57 . 61 . Volleys Fired 144 | 1 42 23 . 1 . . 1 . 3 . . . . 4 3 . 32 34 Largest 2 | 2 2 2 . 1 . . 1 . 1 . . . . 1 1 . 1 1 Hottest 120 | 60 120 120 . 7 . . 40 . 30 . . . . 30 30 . 40 40 Shots Fired 188 | 2 80 26 . 1 . . 1 . 3 . . . . 4 3 . 33 35 Gun 95 | 2 21 7 . . . . 1 . . . . . . . . . 31 33 Cannon 72 | . 58 14 . . . . . . . . . . . . . . . . Launcher 20 | . 1 5 . . . . . . 3 . . . . 4 3 . 2 2 Special 1 | . . . . 1 . . . . . . . . . . . . . . Kinetic 17 | 1 9 7 . . . . . . . . . . . . . . . . Thermal 72 | . 58 14 . . . . . . . . . . . . . . . . Explosive 20 | . 1 5 . . . . . . 3 . . . . 4 3 . 2 2 Electromagnetic 13 | 1 12 . . . . . . . . . . . . . . . . . Entropic 65 | . . . . . . . 1 . . . . . . . . . 31 33 Robot Hit Streak 6 | 1 6 . . 1 . . . . 2 . . . . 3 5 . 2 4 Robot Miss Streak 3 | 1 3 . . . . . . . 1 . . . . 1 . . 1 1 Penetration Max . | . . . . . . . . . . . . . . . . . . . Secondary Targets . | . . . . . . . . . . . . . . . . . . . Shots Hit Robots 453 | 1 47 1 . 22 3 12 . . 25 11 6 . 1 35 121 6 53 109 Core Hits 198 | 1 26 . . 9 . 5 . . 14 6 2 . . 25 51 . 21 38 Critical Kills . | . . . . . . . . . . . . . . . . . . . Critical Parts Destroyed 4 | . . . . . 1 2 . . . 1 . . . . . . . . Critical Strikes 27 | . . . . . 1 2 . . 2 1 . . . 1 9 . 3 8 Smash 4 | . . . . . 1 2 . . . 1 . . . . . . . . Sever 2 | . . . . . . . . . 1 . . . . 1 . . . . Impale 5 | . . . . . . . . . 1 . . . . . 3 . 1 . Melee Attacks 584 | . . 3 . 35 8 14 . . 63 13 7 . 1 45 176 15 71 133 Impact 35 | . . 2 . 9 2 4 . . 11 4 3 . . . . . . . Slashing 473 | . . . . 24 5 9 . . 51 9 4 . 1 45 141 14 62 108 Piercing 75 | . . . . 2 1 1 . . 1 . . . . . 35 1 9 25 Sneak Attacks 37 | . . 1 . 8 . 3 . . 1 . . . . 3 5 5 4 7 Combat Hostiles 3 | . . . . . . 3 . . . . . . . . . . . . Follow-up Attacks 79 | . . . . 5 1 5 . . 10 5 3 . . 12 19 . 5 14 Damage Inflicted 22950 | 10 972 . . 1374 135 558 . . 1290 504 229 . 39 1848 6695 446 2686 6164 Guns 394 | 10 191 . . . . . . . . . . . . . . . 153 40 Cannons 596 | . 596 . . . . . . . . . . . . . . . . . Explosions 4367 | . 173 . . . . . . . 286 . . . . 464 1826 . 441 1177 Melee 17581 | . . . . 1374 135 558 . . 1004 504 229 . 39 1384 4869 446 2092 4947 Ramming 12 | . 12 . . . . . . . . . . . . . . . . . Kinetic 81 | 10 71 . . . . . . . . . . . . . . . . . Thermal 635 | . 635 . . . . . . . . . . . . . . . . . Explosive 4328 | . 134 . . . . . . . 286 . . . . 464 1826 . 441 1177 Electromagnetic 120 | . 120 . . . . . . . . . . . . . . . . . Impact 885 | . . . . 230 45 163 . . 144 214 89 . . . . . . . Slashing 14304 | . . . . 1070 90 366 . . 815 290 140 . 39 1384 3739 446 1946 3979 Piercing 2392 | . . . . 74 . 29 . . 45 . . . . . 1130 . 146 968 Entropic 193 | . . . . . . . . . . . . . . . . . 153 40 Highest Corruption 6 | . 1 1 . . . 6 6 . 4 4 4 4 4 . 5 . 4 4 Average Corruption 2 | . 1 1 . . . 6 6 . 3 4 4 4 4 . 1 . 3 3 Corruption Purged 5 | . . . . . . . . . . . . . . . 5 . . . Corruption Blocked . | . . . . . . . . . . . . . . . . . . . Effects 80 | . 1 14 . . . 7 1 . 5 7 3 4 6 . 11 . 10 11 Message Errors 17 | . . 4 . . . 2 . . 1 2 1 1 1 . 1 . 3 1 Matter Fused 23 | . . 1 . . . 4 1 . 2 1 1 1 1 . 4 . 3 4 Heat Flow Errors 5 | . . 3 . . . . . . . . . . 2 . . . . . Energy Discharges 13 | . 1 3 . . . 1 . . . 3 . 1 . . 2 . 1 1 Parts Rejected 1 | . . . . . . . . . . . . . . . . . 1 . Parts Fused 1 | . . . . . . . . . 1 . . . . . . . . . Data Loss (minor) 12 | . . 1 . . . . . . 1 . 1 1 2 . 2 . 1 3 Data Loss (major) 2 | . . 1 . . . . . . . 1 . . . . . . . . Misfires 2 | . . . . . . . . . . . . . . . . . 1 1 Alerts 4 | . . 1 . . . . . . . . . . . . 2 . . 1 Overload Shots . | . . . . . . . . . . . . . . . . . . . Overflow Damage 1796 | . 15 . . 234 45 140 . . 192 34 . . . . 330 159 283 364 Projectiles 7 | . 7 . . . . . . . . . . . . . . . . . Explosions 423 | . 8 . . . . . . . . . . . . . 179 . 110 126 Melee 1366 | . . . . 234 45 140 . . 192 34 . . . . 151 159 173 238 Knockbacks 7 | . . . . 3 . . . . 2 . 2 . . . . . . . Impact 7 | . . . . 3 . . . . 2 . 2 . . . . . . . Kinetic . | . . . . . . . . . . . . . . . . . . . Secondary . | . . . . . . . . . . . . . . . . . . . Self-Inflicted Damage 263 | . . 16 . . . . . . 77 . . . . . . . 170 . Shots 5 | . . 1 . . . . . . 3 . . . . . . . 1 . Rammed . | . . . . . . . . . . . . . . . . . . . Targets Rammed 1 | . 1 . . . . . . . . . . . . . . . . . Kicked 1 | . 1 . . . . . . . . . . . . . . . . . Crushed . | . . . . . . . . . . . . . . . . . . . Highest Temperature 229 | . 204 203 . . 2 3 . . . . . . 229 . . . . . Average Temperature 50 | . 40 84 . . 2 3 . . . . . . 122 . . . . . Received Heat Transfer 944 | . 162 9 . . 39 108 . . 6 46 9 . 12 109 171 12 90 171 Siege Activations . | . . . . . . . . . . . . . . . . . . . Martial Activations . | . . . . . . . . . . . . . . . . . . . Shielding Activations 1 | . . . . . . . . . . . . . . . . . 1 . Total Turns 10 | . . . . . . . . . . . . . . . . . 10 . Longest Duration 10 | . . . . . . . . . . . . . . . . . 10 . Robots Disrupted 5 | . . . . . . . . . . . . . . . 1 . 1 3 Combat Hostiles 5 | . . . . . . . . . . . . . . . 1 . 1 3 Robots Corrupted 3 | . . . . 1 1 1 . . . . . . . . . . . . Combat Hostiles 3 | . . . . 1 1 1 . . . . . . . . . . . . Parts Fried 3 | . . . . 1 2 . . . . . . . . . . . . . Impact Corruptions 7 | . . . . 2 1 2 . . 1 1 . . . . . . . . Robots Melted . | . . . . . . . . . . . . . . . . . . . Combat Hostiles . | . . . . . . . . . . . . . . . . . . . Parts Melted 3 | . 2 . . . . . . . . . . . . . 1 . . . Heat Transferred 1308 | . 1308 . . . . . . . . . . . . . . . . . Parts Sabotaged . | . . . . . . . . . . . . . . . . . . . Parts Stolen . | . . . . . . . . . . . . . . . . . . . Parts Stripped . | . . . . . . . . . . . . . . . . . . . Power Chain Reactions 1 | . 1 . . . . . . . . . . . . . . . . . Alert | -11 -10 -10 -7 -5 -5 -5 -5 -4 -4 -4 -4 -4 -3 -3 -3 -2 -2 -1 ------- Run | Yrd Mat Sub Scr Fac Upp Upp War Pro Fac Upp Upp Zhi Pro Res Tes Res Qua Acc Maximum Alert Level 1 | . . . . . . . . . . . . . . 1 1 . . 1 Low Security (%) 94 | 100 100 . . 100 . . . . 100 . . . . 94 87 100 100 88 Level 1 5 | . . . . . . . . . . . . . . 5 12 . . 11 Level 2 . | . . . . . . . . . . . . . . . . . . . Level 3 . | . . . . . . . . . . . . . . . . . . . Level 4 . | . . . . . . . . . . . . . . . . . . . Level 5 . | . . . . . . . . . . . . . . . . . . . High Security . | . . . . . . . . . . . . . . . . . . . Max Security . | . . . . . . . . . . . . . . . . . . . Peak Influence 228 | . 139 . . 47 . . . . 145 . . . . 228 223 162 193 220 Initial 112 | . . . . . . . . . . . . . . . 103 101 51 112 Average 78 | . 70 . . 12 . . . . 32 . . . . 122 91 54 94 123 Influence Increases 4351 | . 373 23 . 272 20 130 27 40 308 97 265 . 59 498 713 285 600 641 Destroy 0b10 Robot/C 2340 | . 260 20 . 100 20 100 20 20 180 80 160 . 20 220 460 80 240 360 Destroy 0b10 Robot/NC 210 | . 35 . . 40 . . . . 5 . . . . 25 30 25 15 35 Destroy Leader 446 | . 52 . . 44 . 20 . 10 30 10 20 . 10 44 70 22 30 84 Allied During Kill 272 | . . 3 . 10 . 10 7 10 . 7 70 . 14 103 . 35 . 3 Successful Hack 115 | . 6 . . 10 . . . . . . . . . 51 . . 48 . Disable Machine 255 | . . . . 30 . . . . 45 . . . . . 105 . 60 15 Destroy Structure 488 | . 20 . . 8 . . . . 48 . . . . 40 48 123 102 99 Lose Combat Pursuer 225 | . . . . 30 . . . . . . 15 . 15 15 . . 105 45 Influence Decreases 4346 | . 336 60 . 248 44 130 27 40 292 113 130 135 59 314 717 374 502 825 Entered New Map 447 | . . 18 . . 10 . . . . 7 . 135 . . 81 79 40 77 Time Decay 3144 | . 326 42 . 218 34 120 27 40 292 106 90 . 59 236 502 235 359 458 Lost Part 424 | . 10 . . 10 . 10 . . . . . . . 30 114 . . 250 Lost Ally 228 | . . . . 20 . . . . . . 40 . . 48 20 60 . 40 Purge Threat 103 | . . . . . . . . . . . . . . . . . 103 . Squads Dispatched 37 | . 2 . . 4 . . . . 3 . . . . 3 9 5 6 5 Investigation 6 | . 1 . . 2 . . . . . . . . . . . 1 1 1 Extermination 19 | . . . . 2 . . . . 2 . . . . 1 5 2 3 4 Reinforcement 9 | . 1 . . . . . . . 1 . . . . 2 1 2 2 . Assault . | . . . . . . . . . . . . . . . . . . . Garrison 3 | . . . . . . . . . . . . . . . 3 . . . Intercept . | . . . . . . . . . . . . . . . . . . . Searches Triggered . | . . . . . . . . . . . . . . . . . . . Construction Impeded 2 | . . . . . . . . . . . . . . 1 . 1 . . Haulers Reinforced 1 | . . . . . . . . . . . . . . . . 1 . . Active Scanning Responses . | . . . . . . . . . . . . . . . . . . . Cargo Convoy Interrupts . | . . . . . . . . . . . . . . . . . . . Stealth | -11 -10 -10 -7 -5 -5 -5 -5 -4 -4 -4 -4 -4 -3 -3 -3 -2 -2 -1 --------- Run | Yrd Mat Sub Scr Fac Upp Upp War Pro Fac Upp Upp Zhi Pro Res Tes Res Qua Acc Distress Signals 9 | . . . . . . . 1 . 1 . . . . . 1 . 3 3 Communications Jammed 5 | . . . . . . . . . . . . . . 5 . . . . Distress Signals 1 | . . . . . . . . . . . . . . 1 . . . . Times Spotted 178 | . 17 2 . 10 2 3 . 1 11 3 7 . 1 13 33 5 37 33 Peak Tracking Total 12 | . 5 1 . 2 1 3 . 1 5 3 4 . 1 4 6 2 12 6 Tactical Retreats 12 | . . . . 2 . . . . . . 1 . 1 1 . . 5 2 Traps | -11 -10 -10 -7 -5 -5 -5 -5 -4 -4 -4 -4 -4 -3 -3 -3 -2 -2 -1 ------- Run | Yrd Mat Sub Scr Fac Upp Upp War Pro Fac Upp Upp Zhi Pro Res Tes Res Qua Acc Traps Triggered 6 | . 2 . . . . . . . . . . . . . . . 1 3 Indirectly . | . . . . . . . . . . . . . . . . . . . Trap Hack Attempts . | . . . . . . . . . . . . . . . . . . . Triggered . | . . . . . . . . . . . . . . . . . . . Disarmed . | . . . . . . . . . . . . . . . . . . . Reprogrammed . | . . . . . . . . . . . . . . . . . . . Reused . | . . . . . . . . . . . . . . . . . . . Traps Extracted . | . . . . . . . . . . . . . . . . . . . Installed . | . . . . . . . . . . . . . . . . . . . Triggered . | . . . . . . . . . . . . . . . . . . . Machines | -11 -10 -10 -7 -5 -5 -5 -5 -4 -4 -4 -4 -4 -3 -3 -3 -2 -2 -1 ---------- Run | Yrd Mat Sub Scr Fac Upp Upp War Pro Fac Upp Upp Zhi Pro Res Tes Res Qua Acc Machines Disabled 19 | . . 1 . 2 . . 1 . 3 . . . . . 7 . 4 1 Max in Single Turn 2 | . . 1 . 1 . . 1 . 1 . . . . . 2 . 1 1 Machines Repaired . | . . . . . . . . . . . . . . . . . . . Machines Dismantled . | . . . . . . . . . . . . . . . . . . . Machines Sabotaged . | . . . . . . . . . . . . . . . . . . . Overloaded Fab Kills . | . . . . . . . . . . . . . . . . . . . Hacking | -11 -10 -10 -7 -5 -5 -5 -5 -4 -4 -4 -4 -4 -3 -3 -3 -2 -2 -1 --------- Run | Yrd Mat Sub Scr Fac Upp Upp War Pro Fac Upp Upp Zhi Pro Res Tes Res Qua Acc Machines Accessed 51 | . 3 1 4 5 1 . 7 . 2 . 1 4 . 4 5 3 7 4 Terminals 14 | . 2 . . 1 . . . . . . . . . 2 2 1 5 1 Fabricators 3 | . . . . . . . . . . . . . . 1 . . . 2 Repair Stations 2 | . . . . . . . . . . . . . . . 2 . . . Recycling Units 6 | . 1 . . 3 . . . . . . . . . . . 1 . 1 Scanalyzers 5 | . . . . 1 . . . . 1 . . . . 1 . . 2 . Garrison Access 3 | . . . . . . . . . 1 . . . . . 1 1 . . Total Hacks 120 | . 7 2 25 7 1 . 13 . 6 . 1 17 . 8 7 7 13 6 Successful 80 | . 1 2 25 4 1 . 13 . 3 . 1 17 . 4 . 1 6 2 Failed 40 | . 6 . . 3 . . . . 3 . . . . 4 7 6 7 4 Catastrophic 10 | . . . . 1 . . . . 1 . . . . . 4 1 1 2 Database Lockouts . | . . . . . . . . . . . . . . . . . . . Manual 20 | . 7 . . 5 . . . . . . . . . . 4 2 1 1 Terminals 31 | . 5 . . 2 . . . . . . . . . 6 3 4 9 2 Fabricators 4 | . . . . . . . . . . . . . . 1 . . . 3 Repair Stations 3 | . . . . . . . . . . . . . . . 3 . . . Recycling Units 8 | . 2 . . 3 . . . . . . . . . . . 2 . 1 Scanalyzers 10 | . . . . 2 . . . . 3 . . . . 1 . . 4 . Garrison Access 5 | . . . . . . . . . 3 . . . . . 1 1 . . Terminal Hacks 66 | . . 2 25 . 1 . 13 . . . 1 17 . 2 . . 5 . Record 37 | . . 1 17 . . . 12 . . . . 5 . 1 . . 1 . Part Schematic 4 | . . . . . . . . . . . . 4 . . . . . . Robot Analysis 11 | . . . 7 . . . . . . . . 4 . . . . . . Prototype ID Bank 4 | . . . . . . . . . . . . 4 . . . . . . Open Door 4 | . . . 1 . 1 . 1 . . . 1 . . . . . . . Branch Access Points 2 | . . . . . . . . . . . . . . 1 . . 1 . Terminal Index 1 | . . . . . . . . . . . . . . . . . 1 . Unreport Threat 2 | . . . . . . . . . . . . . . . . . 2 . Proto ID Catalog 1 | . . 1 . . . . . . . . . . . . . . . . Fabricator Hacks 3 | . . . . . . . . . . . . . . 1 . . . 2 Load Schematic 1 | . . . . . . . . . . . . . . . . . . 1 Build 2 | . . . . . . . . . . . . . . 1 . . . 1 Repair Station Hacks . | . . . . . . . . . . . . . . . . . . . Recycling Unit Hacks . | . . . . . . . . . . . . . . . . . . . Scanalyzer 7 | . . . . 2 . . . . 3 . . . . 1 . . 1 . Retrieve Study 7 | . . . . 2 . . . . 3 . . . . 1 . . 1 . Garrison Access Hacks . | . . . . . . . . . . . . . . . . . . . Unauthorized Hacks 4 | . 1 . . 2 . . . . . . . . . . . 1 . . Terminals . | . . . . . . . . . . . . . . . . . . . Fabricators . | . . . . . . . . . . . . . . . . . . . Repair Stations . | . . . . . . . . . . . . . . . . . . . Recycling Units 4 | . 1 . . 2 . . . . . . . . . . . 1 . . Mask 1 | . 1 . . . . . . . . . . . . . . . . . Fedlink 3 | . . . . 2 . . . . . . . . . . . 1 . . Scanalyzers . | . . . . . . . . . . . . . . . . . . . Garrison Access . | . . . . . . . . . . . . . . . . . . . Data Cores Recovered . | . . . . . . . . . . . . . . . . . . . Used . | . . . . . . . . . . . . . . . . . . . Hacking Detections 28 | . 3 . . 3 . . . . 2 . . . . 3 5 3 5 4 Full Trace Events 1 | . . . . . . . . . . . . . . . . . . 1 Feedback Events . | . . . . . . . . . . . . . . . . . . . Feedback Blocked . | . . . . . . . . . . . . . . . . . . . Robot Schematics Acquired . | . . . . . . . . . . . . . . . . . . . Robots Built . | . . . . . . . . . . . . . . . . . . . Authchips . | . . . . . . . . . . . . . . . . . . . Time . | . . . . . . . . . . . . . . . . . . . Total Robot Build Rating . | . . . . . . . . . . . . . . . . . . . Part Schematics Acquired 10 | . . . . . . . . . . . . 4 . . . . 6 . Parts Built 3 | . . . . . . . . . . . . . . 2 . . . 1 Authchips . | . . . . . . . . . . . . . . . . . . . Time 180 | . . . . . . . . . . . . . . 69 . . . 111 Total Part Build Rating 27 | . . . . . . . . . . . . . . 18 . . . 9 Part Studies Acquired 7 | . . . . 2 . . . . 3 . . . . 1 . . 1 . Parts Repaired . | . . . . . . . . . . . . . . . . . . . Time . | . . . . . . . . . . . . . . . . . . . Parts Recycled . | . . . . . . . . . . . . . . . . . . . Recycled Matter . | . . . . . . . . . . . . . . . . . . . Retrieved Matter . | . . . . . . . . . . . . . . . . . . . Retrieved Components . | . . . . . . . . . . . . . . . . . . . Parts Scanalyzed . | . . . . . . . . . . . . . . . . . . . Part Schematics Acquired . | . . . . . . . . . . . . . . . . . . . Parts Damaged . | . . . . . . . . . . . . . . . . . . . Bothacking | -11 -10 -10 -7 -5 -5 -5 -5 -4 -4 -4 -4 -4 -3 -3 -3 -2 -2 -1 ------------ Run | Yrd Mat Sub Scr Fac Upp Upp War Pro Fac Upp Upp Zhi Pro Res Tes Res Qua Acc Used RIF Installer . | . . . . . . . . . . . . . . . . . . . Robots Hacked 2 | . . 1 . 1 . . . . . . . . . . . . . . Non-combat 1 | . . . . 1 . . . . . . . . . . . . . . Combat 1 | . . 1 . . . . . . . . . . . . . . . . Robot Hacks Applied 2 | . . 1 . 1 . . . . . . . . . . . . . . parse_system 1 | . . 1 . . . . . . . . . . . . . . . . find_chute 1 | . . . . 1 . . . . . . . . . . . . . . Relay Couplers Released 4 | . . . . . . . . . 4 . . . . . . . . . Programmers 4 | . . . . . . . . . 4 . . . . . . . . . Fabnet Peak Effective % . | . . . . . . . . . . . . . . . . . . . Robots Rewired 3 | . . . . . . . . . . . . . . . 1 . . 2 Allies Hacked . | . . . . . . . . . . . . . . . . . . . Hacks Repelled . | . . . . . . . . . . . . . . . . . . . Allies | -11 -10 -10 -7 -5 -5 -5 -5 -4 -4 -4 -4 -4 -3 -3 -3 -2 -2 -1 -------- Run | Yrd Mat Sub Scr Fac Upp Upp War Pro Fac Upp Upp Zhi Pro Res Tes Res Qua Acc Total Allies 39 | . . 5 . . . 5 . 1 . 5 2 . . 6 1 6 . 8 Largest Group 5 | . . 5 5 5 . 4 4 4 4 4 4 4 4 4 1 4 . 1 Highest-Rated Group 324 | . . 95 95 95 . 324 324 316 316 324 324 324 324 324 48 324 . 69 Highest-Rated Ally 81 | . . 19 19 19 . 81 81 81 81 81 81 81 81 81 48 81 . 69 Total Orders . | . . . . . . . . . . . . . . . . . . . Ally Attacks 196 | . . 6 . 21 . 8 6 10 . 3 28 . 28 28 1 48 . 9 Total Damage 5276 | . . 109 . 187 . 193 169 251 . 130 986 . 287 1042 30 1580 . 312 Kills 30 | . . 1 . 1 . . 2 1 . 1 7 . 1 8 . 7 . 1 Allies Corrupted . | . . . . . . . . . . . . . . . . . . . Allies Melted . | . . . . . . . . . . . . . . . . . . . Intel | -11 -10 -10 -7 -5 -5 -5 -5 -4 -4 -4 -4 -4 -3 -3 -3 -2 -2 -1 ------- Run | Yrd Mat Sub Scr Fac Upp Upp War Pro Fac Upp Upp Zhi Pro Res Tes Res Qua Acc Active Infowar (turns) 10095 | . . . . 521 424 316 970 183 998 331 258 173 226 529 2071 730 1221 1144 Sensors 9728 | . . . . 290 424 316 970 183 990 331 258 173 226 405 2067 730 1221 1144 Terrain 5737 | . . . . 521 . . . . 856 326 258 173 226 407 615 729 879 747 Cloaking 196 | . . . . . . . . . . . . . . 122 74 . . . Jamming 1053 | . . . . . . . . . . . . 72 226 529 226 . . . Robot Analysis Total 11 | . . . 7 . . . . . . . . 4 . . . . . . Derelict Logs Recovered 6 | . . . 3 . . . . 2 . 1 . . . . . . . . Drone Launches . | . . . . . . . . . . . . . . . . . . . Drone Recoveries . | . . . . . . . . . . . . . . . . . . . Exploration | -11 -10 -10 -7 -5 -5 -5 -5 -4 -4 -4 -4 -4 -3 -3 -3 -2 -2 -1 ------------- Run | Yrd Mat Sub Scr Fac Upp Upp War Pro Fac Upp Upp Zhi Pro Res Tes Res Qua Acc Turns Passed 13776 | 56 808 1613 919 671 424 316 970 183 1031 370 258 173 226 529 2117 730 1221 1161 Spaces Moved 9633 | 42 533 1200 753 494 376 231 851 171 798 316 224 158 209 385 1124 374 793 601 Core 16 | 8 . . . . . . . . . . . . . . . . . 8 Treads 117 | . . . . . . . . . . . . . . . . 117 . . Legs 9321 | 34 533 1200 753 494 376 231 851 171 798 316 224 158 209 385 1124 78 793 593 Wheels 179 | . . . . . . . . . . . . . . . . 179 . . Hover . | . . . . . . . . . . . . . . . . . . . Flight . | . . . . . . . . . . . . . . . . . . . Fastest Speed 50 | 50 120 120 120 105 108 108 107 107 104 104 104 104 104 104 104 117 117 50 Average Speed 119 | 106 120 120 120 108 108 110 110 107 105 104 104 104 104 105 138 182 121 121 Slowest Speed 500 | 120 120 190 120 120 108 111 111 107 107 104 104 104 104 107 265 265 122 500 Overloaded Moves . | . . . . . . . . . . . . . . . . . . . Propulsion Burnouts . | . . . . . . . . . . . . . . . . . . . Robots Hopped . | . . . . . . . . . . . . . . . . . . . Potential Cave-ins 5 | . . . . . . . . . . . . . . . . . . 5 Cave-ins Triggered . | . . . . . . . . . . . . . . . . . . . Teleports 3 | . . . . . . . . . . . . . . . . . 3 . Exploration Rate (%) 44 | 3 93 50 68 11 50 29 90 43 19 49 47 60 34 11 81 14 64 20 Regions Visited 18 Branch Regions 12 Pre-discovered Areas 8 | . . 1 1 1 . . 2 . . . . 3 . . . . . . Known Exits Taken 14 | . . . . 1 1 1 1 1 1 1 1 1 1 1 1 1 1 . Unknown Exits Taken 4 | 1 1 1 1 . . . . . . . . . . . . . . . Scrap Searched 6 | . . 2 . . 2 1 . . . 1 . . . . . . . . Spaces Dug 114 | . . . . 4 3 . . . 15 1 . . . 6 10 7 31 37 Terrain Destroyed 213 | . 13 31 . 4 3 . . . 23 1 . . . 16 24 7 47 44 Melee 62 | . . . . 4 3 . . . 15 1 . . . 6 10 7 7 9 Projectile 56 | . . . . . . . . . . . . . . . . . 26 30 AOE 95 | . 13 31 . . . . . . 8 . . . . 10 14 . 14 5 Terrain Rammed . | . . . . . . . . . . . . . . . . . . . Walls Destroyed . | . . . . . . . . . . . . . . . . . . . Machines Disabled . | . . . . . . . . . . . . . . . . . . . Actions | -11 -10 -10 -7 -5 -5 -5 -5 -4 -4 -4 -4 -4 -3 -3 -3 -2 -2 -1 --------- Run | Yrd Mat Sub Scr Fac Upp Upp War Pro Fac Upp Upp Zhi Pro Res Tes Res Qua Acc Total 11262 | 48 624 1340 768 586 385 282 885 171 913 340 247 167 216 459 1548 414 965 904 Wait 586 | . 15 88 9 24 . 31 3 1 45 11 14 . 7 28 163 . 34 113 Move 9616 | 41 532 1199 752 493 375 230 850 170 797 315 223 157 208 385 1123 373 792 601 Hop . | . . . . . . . . . . . . . . . . . . . Pick Up 88 | . 12 5 1 8 2 5 8 . 3 . 4 3 . 2 15 5 7 8 Fast Attach 69 | 6 3 5 1 15 . . 2 . . . . 2 . . 20 5 7 3 Attach 34 | . 1 . . 3 . 1 . . 2 . . 1 . 5 7 1 4 9 Detach 17 | . 1 . 1 3 . . . . . . . 1 . . 7 1 2 1 Swap 116 | . 7 7 2 6 2 2 7 . 21 6 . . . 6 16 5 13 16 Drop 106 | . 10 10 2 6 1 5 14 . 4 . 3 3 . 1 25 10 10 2 Fire 144 | 1 42 23 . 1 . . 1 . 3 . . . . 4 3 . 32 34 Melee 460 | . . 3 . 24 5 8 . . 38 8 3 . 1 28 153 14 63 112 Ram . | . . . . . . . . . . . . . . . . . . . Kick 1 | . 1 . . . . . . . . . . . . . . . . . Crush . | . . . . . . . . . . . . . . . . . . . Escape Stasis 1 | . . . . . . . . . . . . . . . . . . 1 Rewire 21 | . . . . . . . . . . . . . . . 16 . 1 4 Trap . | . . . . . . . . . . . . . . . . . . . Miscellaneous 3 | . . . . 3 . . . . . . . . . . . . . . Route ------- -11/Scrapyard -10/Materials (discovered 5 exits: [*Mat x3] / [*Min] / *Sub) -10/Subcaves (discovered 3 exits: [*Mat x2] / *Scr) -7/Scraptown -5/Factory (discovered 2 exits: *Fac / *Upp) -5/Upper Caves -5/Upper Caves -5/Warlord -4/Proximity Caves -4/Factory (discovered 2 exits: Res / *Upp) -4/Upper Caves -4/Upper Caves -4/Zhirov -3/Proximity Caves -3/Research (discovered 3 exits: Arm / *Tes x2) -3/Testing -2/Research -2/Quarantine -1/Access History --------- Turn | Location | Event 7 | -11/Scrapyard | Discovered new exit (range 14) 57 | -11/Scrapyard | Entered Materials 255 | -10/Materials | Discovered new exit (range 14) 315 | -10/Materials | Build established: Mutant 353 | -10/Materials | Discovered new exit (range 15) 629 | -10/Materials | Discovered new exit (range 7) 685 | -10/Materials | Discovered new exit (range 12) 851 | -10/Materials | Discovered new exit (range 10) 865 | -10/Materials | Entered Subcaves 866 | -10/Subcaves | Approached by a straggling Scientist 977 | -10/Subcaves | Discovered new exit (range 5) 1005 | -10/Subcaves | A swath of the cavern ceiling suddenly collapsed 1058 | -10/Subcaves | Discovered new exit (range 13) 1082 | -10/Subcaves | Shifting Twisted Machinery released Battle Rifle 1094 | -10/Subcaves | Learned location of Zion (-6) 1094 | -10/Subcaves | Met a Zionite searching for "candidates" 1100 | -10/Subcaves | Shifting Twisted Machinery released Battle Rifle 1329 | -10/Subcaves | Visited triangular shrine 1337 | -10/Subcaves | Found Prototype Device 1337 | -10/Subcaves | Identified V3-11A's Pendant 1342 | -10/Subcaves | Befriended Subdweller 1427 | -10/Subcaves | Befriended Subdweller 1432 | -10/Subcaves | Befriended Subdweller 1742 | -10/Subcaves | Shifting Twisted Machinery released Sub. Machine Gun 1819 | -10/Subcaves | Shifting Twisted Machinery released Sub. Beam Cannon 1912 | -10/Subcaves | Befriended Subdweller 1912 | -10/Subcaves | Befriended Subdweller 1958 | -10/Subcaves | Shifting Twisted Machinery released Sub. Laser 1961 | -10/Subcaves | Shifting Twisted Machinery released Flamer 2206 | -10/Subcaves | Visited 4L-MR0's lab 2221 | -10/Subcaves | Found Gun Armor 2478 | -10/Subcaves | Entered Scraptown 2478 | -7/Scraptown | Accompanied by 5 allies 2478 | -7/Scraptown | System corruption cleaned by C-Scrubber 2580 | -7/Scraptown | Delivered V3-11A's Pendant to T0-NE2 in exchange for information 2699 | -7/Scraptown | Heard Great Nut preacher, LISTEN AND RECITE! 2742 | -7/Scraptown | Scanned Subdweller tech in exchange for log data 2745 | -7/Scraptown | Learned location of Testing (-3) 2746 | -7/Scraptown | Learned location of 1 exit from Factory 2747 | -7/Scraptown | Learned Factory terminal intel 2826 | -7/Scraptown | Visited UFD Registry 2826 | -7/Scraptown | Registered with UFD as "Boltrigger" 2832 | -7/Scraptown | Received an X-ray algorithm 2865 | -7/Scraptown | Visited A0-MCA Data Center 2872 | -7/Scraptown | Given an A- rating by A0-MCA 2879 | -7/Scraptown | Found A0-MCA's Component Scanner 2908 | -7/Scraptown | Visited Curators Association 2951 | -7/Scraptown | Visited Scrapoid Research Area 3035 | -7/Scraptown | Visited Junk Cannon Lab 3059 | -7/Scraptown | Visited Scrap Suit Storage 3077 | -7/Scraptown | Visited Sword Containment 3090 | -7/Scraptown | Found Prototype Slashing Weapon 3090 | -7/Scraptown | Identified Companion Sword 3120 | -7/Scraptown | Visited Analyses Database 3149 | -7/Scraptown | Visited Chapter 10 3173 | -7/Scraptown | Visited Modified Component R&D 3317 | -7/Scraptown | Met Optimus 3317 | -7/Scraptown | Accepted into 0bPrime 3382 | -7/Scraptown | Discovered new exit (range 5) 3397 | -7/Scraptown | Entered Factory 3397 | -5/Factory | Accompanied by 5 allies 3397 | -5/Factory | Evolved 10 slots: Power x1, Propulsion x3, Utility x6 3398 | -5/Factory | Identified exit to Upper Caves 3399 | -5/Factory | Loaded intel: 26 terminal locations 3558 | -5/Factory | Loaded intel: 8 recycling unit locations 3623 | -5/Factory | Lost 5 allies 3670 | -5/Factory | Discovered new exit (range 8) 3862 | -5/Factory | Attached Gun Armor, gained temporary slots: Weapon x2 3988 | -5/Factory | Learned location of Protoforge (-2) 4005 | -5/Factory | Build established: Scavenger-Gladiator 4068 | -5/Factory | Entered Upper Caves 4070 | -5/Upper Caves | Attracted the attention of an 0b10 checkpoint 4473 | -5/Upper Caves | Discovered new exit (range 14) 4476 | -5/Upper Caves | Spotted B-75 Beast 4485 | -5/Upper Caves | Encountered a Warlord checkpoint 4486 | -5/Upper Caves | Identified exit to Upper Caves 4492 | -5/Upper Caves | Entered another Upper Caves area 4576 | -5/Upper Caves | Spotted B-75 Beast 4610 | -5/Upper Caves | Prototype Device suddenly appears! 4615 | -5/Upper Caves | Found Amulet of Y3-NDR 4654 | -5/Upper Caves | Joined by bewildered Wizard 4655 | -5/Upper Caves | Joined by bewildered Wizard 4662 | -5/Upper Caves | Joined by bewildered Wizard 4663 | -5/Upper Caves | Joined by bewildered Wizard 4672 | -5/Upper Caves | Destroyed B-75 Beast 4697 | -5/Upper Caves | Found DCF Scrap (15 items) 4729 | -5/Upper Caves | Joined by bewildered Wizard 4776 | -5/Upper Caves | Discovered new exit (range 10) 4786 | -5/Upper Caves | Identified exit to Warlord 4808 | -5/Upper Caves | Entered Warlord 4808 | -5/Warlord | Accompanied by 4 allies 4851 | -5/Warlord | Discovered new exit (range 8) 4882 | -5/Warlord | System corruption cleaned by Quarantine Array 5003 | -5/Warlord | Visited the Vortex Lab 5007 | -5/Warlord | Warlord's base attacked by MAIN.C 5013 | -5/Warlord | Found Vortex Rifle 5015 | -5/Warlord | Found Vortex Rifle 5019 | -5/Warlord | Found Vortex Shotgun 5124 | -5/Warlord | Rebuked by Warlord 5303 | -5/Warlord | Learned Research security intel 5303 | -5/Warlord | Learned Armory scanalyzer intel 5304 | -5/Warlord | Learned 4 Quarantine zone layouts 5304 | -5/Warlord | Learned 4 Command zone layouts 5305 | -5/Warlord | Learned location of Armory (-3) 5357 | -5/Warlord | Warlord forces counterattacked 5599 | -5/Warlord | Found Vortex Chain Reactor 5611 | -5/Warlord | Found Exp. Cloaking Device 5616 | -5/Warlord | Found System Purifier 5682 | -5/Warlord | Warlord base infiltrated, sounded retreat 5774 | -5/Warlord | Identified exit to Proximity Caves 5778 | -5/Warlord | Entered Proximity Caves 5778 | -4/Proximity Caves | Accompanied by 3 allies 5797 | -4/Proximity Caves | Spotted B-86 Titan 5808 | -4/Proximity Caves | Allies destroyed B-86 Titan 5831 | -4/Proximity Caves | Learned Research emergency access door positions 5874 | -4/Proximity Caves | Joined by bewildered Wizard 5887 | -4/Proximity Caves | Build established: Gladiator 5927 | -4/Proximity Caves | Learned 4 Research zone layouts 5953 | -4/Proximity Caves | Discovered new exit (range 7) 5959 | -4/Proximity Caves | Identified exit to Factory 5961 | -4/Proximity Caves | Entered Factory 5961 | -4/Factory | Accompanied by 4 allies 5961 | -4/Factory | Evolved 2 slots: Utility x2 5962 | -4/Factory | Identified exit to Research 6301 | -4/Factory | Build established: Hacker-Gladiator 6501 | -4/Factory | Discovered new exit (range 15) 6517 | -4/Factory | Identified exit to Upper Caves 6992 | -4/Factory | Entered Upper Caves 7070 | -4/Upper Caves | Learned 4 Research zone layouts 7136 | -4/Upper Caves | Joined by bewildered Wizard 7137 | -4/Upper Caves | Joined by bewildered Wizard 7173 | -4/Upper Caves | Joined by bewildered Wizard 7174 | -4/Upper Caves | Joined by bewildered Wizard 7218 | -4/Upper Caves | Build established: Gladiator 7348 | -4/Upper Caves | Discovered new exit (range 7) 7354 | -4/Upper Caves | Joined by bewildered Wizard 7356 | -4/Upper Caves | Identified exit to Upper Caves 7362 | -4/Upper Caves | Entered another Upper Caves area 7362 | -4/Upper Caves | Accompanied by 4 allies 7446 | -4/Upper Caves | Joined by bewildered Wizard 7446 | -4/Upper Caves | Joined by bewildered Wizard 7562 | -4/Upper Caves | Attracted the attention of an 0b10 checkpoint 7605 | -4/Upper Caves | Discovered new exit (range 14) 7618 | -4/Upper Caves | Identified exit to Zhirov 7620 | -4/Upper Caves | Entered Zhirov 7620 | -4/Zhirov | Accompanied by 4 allies 7620 | -4/Zhirov | Discovered new exit (range 3) 7639 | -4/Zhirov | Met Zhirov 7662 | -4/Zhirov | Learned location of Quarantine (-2) 7662 | -4/Zhirov | Learned location of Command (-1) 7668 | -4/Zhirov | Zhirov requested help retrieving the SGEMP Prototype 7688 | -4/Zhirov | Found Alien Artifact 7688 | -4/Zhirov | Identified Integrated Dissipator 7688 | -4/Zhirov | Installed Integrated Dissipator, increased core heat dissipation (+20) 7724 | -4/Zhirov | Found Alien Artifact 7792 | -4/Zhirov | Identified exit to Proximity Caves 7793 | -4/Zhirov | Entered Proximity Caves 7793 | -3/Proximity Caves | Accompanied by 4 allies 7997 | -3/Proximity Caves | Discovered exit to Research (range 11) 8019 | -3/Proximity Caves | Entered Research 8019 | -3/Research | Accompanied by 4 allies 8019 | -3/Research | Evolved 2 slots: Utility x2 8020 | -3/Research | Identified exit to Armory 8060 | -3/Research | Joined by bewildered Wizard 8061 | -3/Research | Joined by bewildered Wizard 8094 | -3/Research | Lost 3 allies 8164 | -3/Research | Found Exp. Signal Interpreter 8165 | -3/Research | Joined by bewildered Wizard 8248 | -3/Research | Identified exit to Testing 8284 | -3/Research | Fabricated Quantum Reactor (x2) 8310 | -3/Research | Build established: Hacker-Gladiator 8461 | -3/Research | Joined by bewildered Wizard 8482 | -3/Research | Joined by bewildered Wizard 8485 | -3/Research | Lost 3 allies 8548 | -3/Research | Entered Testing 8578 | -3/Testing | Found Centrium Heavy Armor Plating 8579 | -3/Testing | Lost 3 parts (1p2u) 8580 | -3/Testing | Found Centrium Heavy Armor Plating 8582 | -3/Testing | Found Centrium Heavy Armor Plating 8615 | -3/Testing | Unstable Terrabomb Derivative detonated 8759 | -3/Testing | Garrison activated, responded to threat 8821 | -3/Testing | Lost 5 parts (3n1u1w) 9066 | -3/Testing | Spotted Striker 9070 | -3/Testing | Spotted Striker 9080 | -3/Testing | Spotted Alpha 7 9089 | -3/Testing | Destroyed Striker 9115 | -3/Testing | Build established: Scavenger-Gladiator 9115 | -3/Testing | Destroyed Striker 9160 | -3/Testing | Lost 5 parts (1p3n1u) 9160 | -3/Testing | Destroyed Alpha 7 9173 | -3/Testing | Found Exp. ECM Suite 9211 | -3/Testing | Stole the SGEMP Prototype 9355 | -3/Testing | Found Z-bomb Delivery System 9415 | -3/Testing | Found AEGIS Remote Shield 9553 | -3/Testing | Found Exp. Actuator Array 9878 | -3/Testing | Lost 3 parts (2n1u) 10091 | -3/Testing | Discovered new exit (range 15) 10130 | -3/Testing | Build established: Scavenger-Mutant 10662 | -3/Testing | Identified exit to Research 10665 | -3/Testing | Entered Research 10665 | -2/Research | Evolved 2 slots: Propulsion x1, Utility x1 10666 | -2/Research | Identified exit to Quarantine 11027 | -2/Research | Joined by bewildered Wizard 11027 | -2/Research | Joined by bewildered Wizard 11027 | -2/Research | Joined by bewildered Wizard 11069 | -2/Research | Joined by bewildered Wizard 11223 | -2/Research | Joined by bewildered Wizard 11278 | -2/Research | Loaded intel: 5 recycling unit locations 11395 | -2/Research | Entered Quarantine 11486 | -2/Quarantine | Found Alien Artifact 11486 | -2/Quarantine | Identified Core Reset Matrix 11486 | -2/Quarantine | Identified Transdimensional Reconstructor 11486 | -2/Quarantine | Used Core Reset Matrix 11490 | -2/Quarantine | Detected hypermatrix surge 11490 | -2/Quarantine | Sensed 13 artifacts in vicinity 11729 | -2/Quarantine | Build established: Gladiator 11834 | -2/Quarantine | Found Subatomic Replicator 12110 | -2/Quarantine | Discovered new exit (range 12) 12123 | -2/Quarantine | Identified exit to Access 12137 | -2/Quarantine | Found Phase Redirector 12268 | -2/Quarantine | Found Dimensional Node Initializer 12282 | -2/Quarantine | Found Transdimensional Reconstructor 12282 | -2/Quarantine | Warped through subspace 12314 | -2/Quarantine | Scanned by Researcher 12353 | -2/Quarantine | Found Transdimensional Reconstructor 12353 | -2/Quarantine | Warped through subspace 12354 | -2/Quarantine | Warped through subspace 12554 | -2/Quarantine | Build established: Alien-Mutant 12616 | -2/Quarantine | Entered Access 12616 | -1/Access | Evolved 2 slots: Utility x2 12844 | -1/Access | Fabricated Imp. Quantum Reactor? 12929 | -1/Access | Build established: Alien-Gladiator 13397 | -1/Access | Build established: Scavenger-Gladiator 13632 | -1/Access | Lost 4 parts (1p2n1u) 13724 | -1/Access | Spotted B-99 Colossus 13762 | -1/Access | Spotted B-99 Colossus 13769 | -1/Access | Core integrity fell below 50% 13772 | -1/Access | Emitted hypermatrix ping 13773 | -1/Access | Forged Prototype Slashing Weapon 13775 | -1/Access | Core integrity fell below 20% 13777 | -1/Access | Assembled emerged from beneath the floor 13777 | -1/Access | Destroyed by B-99 Colossus with Multirail Last Messages --------------- 13774_ Penetrated by Slug. 13775_ Slug penetrates Wall. 13775_ Penetrated by Slug. 13776_ Sealed Heavy Doors breached. 13777_ Assembled emerge from beneath the floor. 13777_ Component scanned: Asb. Hover System [as-21356]. 13777_ Component scanned: Asb. P-maul [as-21356]. 13777_ Component scanned: Asb. Gauss Rifle [as-35315]. 13777_ Slug penetrates as-21356. 13777_ Slug penetrates Wall. 13777_ Slug penetrates Earth. 13777_ Slug penetrates as-97097. 13777_ as-97097 suffers critical hit (Destroy). 13777_ Slug penetrates Wall. 13777_ Vortex Rifle destroyed. 13777_ Knocked back. 13777_ Slug penetrates Wall. Map ----- +----------------------------------------------------+ | ? ## ###*=############?######??##?##????? | | ?##?# #### ## #########?#???????????? | | ??## #?#=! # ###########??#????????? | | ?## !! #?#[ [+ #?######?#?##?????????? | | ??# !! ]### !!" ###?#?#?##??#?????????? | | ??# !! ####### ###?######????????????? | | ????# # ##### ###?#??###????????????? | | ???# = ###?#?##"#####???##?#?#????????????? | | ???#########"#"###?### ########?#?#??????????????? | | ???????##### ##?#?## ##?##???##??#?????????????? | | #?#??#?#??#? ######## ###?####?####?????????????? | | ?##?#?#?#?#?![#?#?######?##??#???#???????????????? | | #############%###?##??####????T?#????????????????? | | % %[##?###? ? ?? ???????????????? | | #??#?# ????? ???? ???????????????? | | ###??#? ? ?? ? ?????????????????? | | ## %#####?? #?#?????#?????????????????? | | ?###########"!^*## ## ##????????????????????????? | | ?????##??#?###%" #?# ?#??###????????????????????? | | ?????#########"""###??? " ?????????????????????? | | ?????# % "#??? " ???????????????????????? | | ?????# [ ##?????????????????????????????? | | ?????# ##?????????????????????????????? | | ?????# ] ! "####????""????????????????????? | | ?????# % ; % ##### ""##### #??????????? | | ?????# % ;a!]]h%@ BB #??????????? | | ?????# h ;a!aaah #??????????? | | ?????# """""" ;! a!/ #??????????? | | ?????# """""" ####;##;#"""#########??????????? | | ?????# """""" #??##?###??????????????????????? | | ?????# """""" #??????????????????????????????? | | ?????# ??"""""" #??????????????????????????????? | | ?????#????######+##??????????????????????????????? | | ?????????????????????????????????????????????????? | | ?????????????????????????????????????????????????? | | ?????????????????????????????????????????????????? | | ?????????????????????????????????????????????????? | | ?????????????????????????????????????????????????? | | ?????????????????????????????????????????????????? | | ?????????????????????????????????????????????????? | | ?????????????????????????????????????????????????? | | ?????????????????????????????????????????????????? | | ?????????????????????????????????????????????????? | | ?????????????????????????????????????????????????? | | ?????????????????????????????????????????????????? | | ?????????????????????????????????????????????????? | | ?????????????????????????????????????????????????? | | ?????????????????????????????????????????????????? | | ?????????????????????????????????????????????????? | | ?????????????????????????????????????????????????? | +----------------------------------------------------+ Best States ------------- Heat Dissipation 72 Energy Generation 55 Energy Capacity 1200 Matter Stores 300 Matter Capacity 300 Sight Range 16 Robot Scan Range 18 Terrain Scan Range 20 Terrain Scan Density 210 Jamming Range 14 Cloak Strength 4 EM Shielding 4 Armor Coverage 800 Resistance: EX 25 Propulsion Shielding 66 Melee Speed Boost 30 Phase Shifting 5 Evasion (%) 70 Melee Accuracy 8 Target Analysis 8 Recoil Reduction 2 Offensive Hacking 14 Defensive Hacking 12 Item Schematics ----------------- Centrium Light Armor Plating | -2/Quarantine | Archive Hvy. Gatling Laser | -2/Quarantine | Archive Exp. Biometal Heavy Treads | -2/Quarantine | Archive Prc. Matter Filter | -2/Quarantine | Archive Imp. Quantum Reactor | -2/Quarantine | Archive Kinetic Spear | -2/Quarantine | Archive Robot Schematics ------------------ None Fabricated ------------ Quantum Reactor | x2 | -3/Research | Preloaded Imp. Quantum Reactor | x1 | -1/Access Repaired ---------- Nothing Studied --------- Quantum Reactor | -2/Quarantine | Hacked Alien Tech Used ----------------- Integrated Dissipator Core Reset Matrix Phase Redirector Transdimensional Reconstructor Subatomic Replicator Achievements -------------- Friends Forever Physics Protects Rodney's Helpers SUBSUB Wiki Contributor Challenges ------------ None Game ------ Seed LatentCorruptionTorch Manual? 0 Play Time 02:23:29 Cumulative 144.2 hours Start 2025.12.09 @ 22:21:22 End 2025.12.10 @ 15:43:19 Sessions 5 Manual Loads 0 Difficulty Rogue Special Mode None Game No. 118 Rogue 118 Adventurer 0 Explorer 0 Win Type - Total 1 Types 1/0/0/0/0/0/0/0/0/0 Lore% 66 Gallery% 66 Achievement% 56 Wizard Run 0 Options --------- Layout 1 ASCII 0 Keyboard 1 Movement Vi Keybinds 0 Fullscreen 1 Font 24/Terminus Map View 50x35 Zoom Use 0% Tactical HUD 1 Map Filters NONE Filters NONE Steam 1 RUN: 2b65e702-b275-40e8-af38-bfcb05477a22